 Dungeon Crawl Stone Soup version 0.24-a0-274-gb3763e6d51 (webtiles) character file.

Game seed: 560239526886957408

12439 Esekla the Fighter (level 11, -10/89 HPs)
             Began as a Gnoll Abyssal Knight on Apr 25, 2019.
             Was a High Priest of Lugonu.
             Killed from afar by an ice statue (32 damage)
             ... with a bolt of cold
             ... in an ice cave on Apr 26, 2019.
             The game lasted 01:47:43 (12906 turns).

Esekla the Fighter (Gnoll Abyssal Knight)          Turns: 12906, Time: 01:47:44

Health: -10/89     AC: 14    Str: 16    XL:     11   Next: 93%
Magic:  20/20      EV: 15    Int: 14    God:    Lugonu [*****.]
Gold:   885        SH:  0    Dex: 17    Spells: 19/23 levels left

rFire    . . .     SeeInvis +   M - +7 falchion (freeze)
rCold    . . .     Gourm    .   (no shield)
rNeg     + . .     Faith    .   L - +1 ring mail {rPois}
rPois    +         Spirit   .   h - +1 helmet
rElec    .         Reflect  .   s - +0 cloak
rCorr    .         Harm     .   (no gloves)
MR       .....                  V - +2 pair of boots {run}
Stlth    +++.......             (no amulet)
HPRegen  0.24/turn              z - ring of positive energy
MPRegen  0.17/turn              E - ring of see invisible

@: quick
A: distributed training, fangs 1, strong nose
a: Depart the Abyss, Bend Space, Banish, Corrupt, Enter the Abyss, Renounce
Religion


You were in an ice cave.
You worshipped Lugonu.
Lugonu was extremely pleased with you.
You were not hungry.

You visited 2 branches of the dungeon, and saw 12 of its levels.
You visited the Abyss 1 time.
You also visited: Ice Cave.

You collected 885 gold pieces.

Inventory:

Hand Weapons
 a - a +1 falchion
 x - a +0 dagger of venom
 A - a +2 falchion of slicing
 F - a +4 great sword
 I - a +1 hunting sling of flaming
 J - a +0 falchion of holy wrath
 M - a +7 falchion of freezing (weapon)
 N - a +5 great sword
 O - a cursed +5 war axe
 W - a +1 trident of piercing
Missiles
 v - 8 poisoned javelins (quivered)
 Q - 50 sling bullets
 R - 2 tomahawks
Armour
 h - a +1 helmet (worn)
 s - a +0 cloak (worn)
 B - a +0 robe of positive energy
 L - a +1 ring mail of poison resistance (worn)
 V - a +2 pair of boots of running (worn)
Jewellery
 p - an uncursed ring of teleportation
 z - a ring of positive energy (left hand)
 E - a ring of see invisible (right hand)
Wands
 G - a wand of acid (8)
 P - a wand of enslavement (5)
 S - a wand of flame (35)
 U - a wand of paralysis (13)
Scrolls
 b - a scroll of fear
 e - 2 scrolls of remove curse
 j - 5 scrolls of teleportation
 l - 5 scrolls of immolation
 o - 4 scrolls of noise
 t - a scroll of enchant armour {unknown}
 w - a scroll of blinking {unknown}
 y - 3 scrolls of amnesia
 D - a scroll of torment {unknown}
 K - a scroll of acquirement {unknown}
 Y - a scroll of fog
Potions
 d - 2 potions of brilliance
 f - 5 potions of curing
 g - a potion of might
 i - a potion of lignification
 k - a potion of resistance {unknown}
 m - a potion of agility
 q - a potion of cancellation
 r - 2 potions of haste
 u - a potion of berserk rage {unknown}
 C - 4 potions of flight
 H - a potion of mutation {unknown}
 T - a potion of magic {unknown}
Comestibles
 c - 14 rations


   Skills:
 + Level 9.4 Fighting
 + Level 6.6 Short Blades
 + Level 8.1 Long Blades
 + Level 6.6 Axes
 + Level 6.6 Maces & Flails
 + Level 6.6 Polearms
 + Level 6.6 Staves
 + Level 6.6 Slings
 + Level 6.6 Bows
 + Level 6.6 Crossbows
 + Level 6.6 Throwing
 + Level 8.1 Armour
 + Level 7.2 Dodging
 + Level 6.6 Stealth
 + Level 6.6 Shields
 + Level 6.6 Unarmed Combat
 + Level 6.6 Spellcasting
 + Level 5.5 Conjurations
 + Level 5.5 Hexes
 + Level 5.5 Charms
 + Level 5.5 Summonings
 + Level 5.5 Necromancy
 + Level 5.5 Translocations
 + Level 5.5 Transmutations
 + Level 5.5 Fire Magic
 + Level 5.5 Ice Magic
 + Level 5.5 Air Magic
 + Level 5.5 Earth Magic
 + Level 5.5 Poison Magic
 + Level 8.7 Invocations
 + Level 6.6 Evocations


You had 19 spell levels left.
You knew the following spells:

 Your Spells              Type           Power        Failure   Level  Hunger
a - Sticky Flame          Conj/Fire      ###.....     26%         4    ####...

Your spell library contained the following spells:

 Spells                   Type           Power        Failure   Level  Hunger
 Flame Tongue             Conj/Fire      ###..        2%          1    None
 Throw Flame              Conj/Fire      ###...       3%          2    #......
 Conjure Flame            Conj/Fire      ###.....     8%          3    ##.....
 Inner Flame              Hex/Fire       ###.....     8%          3    ##.....
 Fireball                 Conj/Fire      ###.......   56%         5    ######.


Dungeon Overview and Level Annotations

Branches:
Dungeon (11/15)            Temple (0/1) D:4            Lair (1/6) D:11
    Orc (0/2) D:11

Altars:
Dithmenos
Elyvilon
Hepliaklqana
Nemelex Xobeh
Okawaru
Qazlal
Ru
Sif Muna
Vehumet
Zin
The Shining One

Shops:
D:7 =

Annotations:
D:6 2 transporters
D:11 3 runed translucent doors, MirrMurr's ghost, journeyman SpEn IceCv exclusion: 2 ice statues


Innate Abilities, Weirdness & Mutations

Your experience applies equally to all skills.
You have very sharp teeth.
Your uncanny sense of smell can sniff out nearby items.


Message History

Wear which item? (? for menu, Esc to quit)
Okay, then.
You enter the transporter and appear at another place.
The ice statue gestures at you. The freezing blast misses you.
The ice statue gestures at you. The freezing blast misses you.
You are engulfed in freezing vapours.
The ice statue gestures at you. The bolt of cold hits you!!
The bolt of cold hits the ice statue.
The ice statue completely resists.
The ice statue gestures at you. The freezing blast engulfs you!!
* * * LOW HITPOINT WARNING * * *
You see here 24 stones.
You are engulfed in freezing vapours.
* * * LOW HITPOINT WARNING * * *
The ice statue gestures at you. The bolt of cold hits you!!
You die...

###########
##...?©(...##
#...8§)☼8...#
##....§@☼☼...##
#.....§§☼§....#
#....8☼○☼8....#
#.....○§☼.....#
##....☼○°....##
#...........#
#.....©.....#
##.........##
##...∩...##


You could see 2 ice statues.

Vanquished Creatures
  3 two-headed ogres (D:11)
  2 ugly things (IceCv)
  A manticore (D:11)
  A spiny frog (Lair:1)
  2 rime drakes (Lair:1)
  A kobold demonologist (D:10)
  A troll (D:10)
  5 hippogriffs
  10 yaks
  2 water moccasins
  8 orc warriors
  A porcupine (Lair:1)
  4 sky beasts
  A black bear (D:10)
  2 phantoms (D:9)
  2 necrophages
  8 ice beasts
  2 centaurs
  2 ogres
  2 big kobolds
  10 bullfrogs
  A wyvern zombie (D:6)
  2 scorpions
  8 killer bees
  10 wights
  2 howler monkeys
  3 crimson imps
  3 orc wizards
  A bullfrog skeleton (D:5)
  5 hounds
  8 orc priests
  2 bullfrog zombies
  6 worker ants
  A killer bee zombie (D:6)
  A hound skeleton (D:8)
  A howler monkey zombie (D:6)
  A worker ant zombie (D:11)
  6 adders
  A howler monkey skeleton (D:11)
  4 shadow imps
  An ooze (D:3)
  An adder zombie (D:7)
  3 adder skeletons
  4 worms
  2 dart slugs
  4 leopard geckos
  45 orcs
  8 bats
  5 giant cockroaches
  9 goblins
  3 hobgoblins
  6 jackals
  8 quokkas
  4 ball pythons
  5 frilled lizards
  A jackal skeleton (D:4)
  A jackal zombie (D:5)
  10 kobolds
  A leopard gecko skeleton (D:9)
  6 rats
263 creatures vanquished.

Vanquished Creatures (others)
  4 plants (D:11)
4 creatures vanquished.

Grand Total: 267 creatures vanquished

Notes
Turn   | Place    | Note
-------+----------+-------------------------------------------
     0 | Abyss:1  | Esekla the Gnoll Abyssal Knight began the quest for the
                  | Orb.
     0 | Abyss:1  | Reached XP level 1. HP: 23/23 MP: 3/3
     8 | Abyss:2  | Found a corrupted altar of Lugonu.
    22 | Abyss:2  | Found a radiant altar of Vehumet.
    63 | Abyss:3  | Noticed an efreet
    86 | Abyss:3  | Noticed a starcursed mass
    87 | D:1      | Escaped the Abyss
   338 | D:1      | Reached XP level 2. HP: 24/29 MP: 5/5
   342 | D:1      | Reached * piety under Lugonu
   953 | D:2      | Reached XP level 3. HP: 22/35 MP: 6/6
   993 | D:2      | Found a sacrificial altar of Ru.
  1359 | D:2      | Noticed a scorpion
  1372 | D:2      | Killed a scorpion
  1372 | D:2      | Reached skill level 1 in Short Blades
  1372 | D:2      | Reached skill level 1 in Axes
  1372 | D:2      | Reached skill level 1 in Maces & Flails
  1372 | D:2      | Reached skill level 1 in Polearms
  1372 | D:2      | Reached skill level 1 in Staves
  1372 | D:2      | Reached skill level 1 in Slings
  1372 | D:2      | Reached skill level 1 in Bows
  1372 | D:2      | Reached skill level 1 in Crossbows
  1372 | D:2      | Reached skill level 1 in Throwing
  1372 | D:2      | Reached skill level 1 in Stealth
  1372 | D:2      | Reached skill level 1 in Shields
  1372 | D:2      | Reached skill level 1 in Unarmed Combat
  1372 | D:2      | Reached skill level 1 in Spellcasting
  1372 | D:2      | Reached skill level 1 in Conjurations
  1372 | D:2      | Reached skill level 1 in Hexes
  1372 | D:2      | Reached skill level 1 in Charms
  1372 | D:2      | Reached skill level 1 in Summonings
  1372 | D:2      | Reached skill level 1 in Necromancy
  1372 | D:2      | Reached skill level 1 in Translocations
  1372 | D:2      | Reached skill level 1 in Transmutations
  1372 | D:2      | Reached skill level 1 in Fire Magic
  1372 | D:2      | Reached skill level 1 in Ice Magic
  1372 | D:2      | Reached skill level 1 in Air Magic
  1372 | D:2      | Reached skill level 1 in Earth Magic
  1372 | D:2      | Reached skill level 1 in Poison Magic
  1372 | D:2      | Reached skill level 1 in Evocations
  1372 | D:2      | Reached XP level 4. HP: 17/41 MP: 7/7
  1698 | D:2      | Found a sparkling altar of Nemelex Xobeh.
  2203 | D:3      | Reached XP level 5. HP: 35/47 MP: 8/8
  2325 | D:3      | Reached ** piety under Lugonu
  2909 | D:4      | Noticed a yak
  2910 | D:4      | Noticed a yak
  2912 | D:4      | Noticed a yak
  3090 | D:4      | Reached skill level 5 in Invocations
  3090 | D:4      | Reached XP level 6. HP: 33/53 MP: 9/9
  3110 | D:4      | Found a staircase to the Ecumenical Temple.
  3356 | D:4      | Noticed a yak
  3356 | D:4      | Noticed a yak
  3370 | D:4      | Killed a yak
  3370 | D:4      | Reached skill level 5 in Long Blades
  3370 | D:4      | Reached skill level 5 in Armour
  3389 | D:4      | Killed a yak
  3389 | D:4      | Reached skill level 7 in Fighting
  3389 | D:4      | Reached XP level 7. HP: 34/60 MP: 9/11
  3410 | D:4      | Killed a yak
  3698 | D:3      | Killed a yak
  3698 | D:3      | Reached XP level 8. HP: 27/67 MP: 12/12
  3896 | D:4      | Killed a yak
  3965 | D:4      | Upgraded the game from 0.24-a0-272-g14115134c2 to
                  | 0.24-a0-274-gb3763e6d51
  3997 | D:5      | Entered Level 5 of the Dungeon
  3997 | D:5      | Noticed a hippogriff
  4012 | D:5      | Killed a hippogriff
  4041 | D:5      | Reached *** piety under Lugonu
  4228 | D:5      | Found a hazy altar of Hepliaklqana.
  4853 | D:6      | Found a transporter.
  4874 | D:6      | Noticed an eight-headed hydra
  4879 | D:6      | Found a white marble altar of Elyvilon.
  4880 | D:6      | Found a radiant altar of Vehumet.
  4886 | D:6      | Found a deep blue altar of Sif Muna.
  4896 | D:6      | Reached XP level 9. HP: 46/72 MP: 14/14
  5174 | D:6      | Found a transporter.
  6181 | D:7      | Reached **** piety under Lugonu
  6187 | D:7      | Reached skill level 5 in Dodging
  6229 | D:7      | Found Kiula Qod's Jewellery Boutique.
  6496 | D:7      | Found a shadowy altar of Dithmenos.
  6551 | D:8      | Found a glowing golden altar of the Shining One.
  6972 | D:8      | Reached skill level 8 in Fighting
  7581 | D:9      | Reached XP level 10. HP: 68/80 MP: 17/17
  7702 | D:9      | Reached skill level 5 in Short Blades
  7702 | D:9      | Reached skill level 5 in Axes
  7702 | D:9      | Reached skill level 5 in Maces & Flails
  7702 | D:9      | Reached skill level 5 in Polearms
  7702 | D:9      | Reached skill level 5 in Staves
  7702 | D:9      | Reached skill level 5 in Slings
  7702 | D:9      | Reached skill level 5 in Bows
  7702 | D:9      | Reached skill level 5 in Crossbows
  7702 | D:9      | Reached skill level 5 in Throwing
  7702 | D:9      | Reached skill level 5 in Stealth
  7702 | D:9      | Reached skill level 5 in Shields
  7702 | D:9      | Reached skill level 5 in Unarmed Combat
  7702 | D:9      | Reached skill level 5 in Spellcasting
  7702 | D:9      | Reached skill level 5 in Evocations
  8086 | D:9      | Found a glowing silver altar of Zin.
  8804 | D:9      | Found an iron altar of Okawaru.
  8873 | D:10     | Entered Level 10 of the Dungeon
  9070 | D:10     | Learned a level 4 spell: Sticky Flame
  9598 | D:10     | Reached ***** piety under Lugonu
  9655 | D:10     | Identified a +2 pair of boots of running (You found it on
                  | level 10 of the Dungeon)
  9727 | D:10     | Noticed a kobold demonologist
  9731 | D:10     | Noticed a sun demon
  9739 | D:10     | HP: 4/82 [sun demon[a kobold demonologist] (15)]
  9915 | D:10     | Noticed a soul eater
  9930 | D:10     | Killed a kobold demonologist
  9982 | D:10     | Found a stormy altar of Qazlal.
 10412 | D:11     | Noticed a manticore
 10420 | D:11     | Killed a manticore
 10420 | D:11     | Reached XP level 11. HP: 48/87 MP: 19/19
 10503 | D:11     | Found a staircase to the Orcish Mines.
 10952 | D:11     | Found a staircase to the Lair.
 10972 | D:11     | Noticed a two-headed ogre
 10976 | D:11     | Noticed a two-headed ogre
 11010 | D:11     | Killed a two-headed ogre
 11010 | D:11     | Reached skill level 9 in Fighting
 11040 | D:11     | Killed a two-headed ogre
 11040 | D:11     | Reached skill level 5 in Conjurations
 11040 | D:11     | Reached skill level 5 in Hexes
 11040 | D:11     | Reached skill level 5 in Charms
 11040 | D:11     | Reached skill level 5 in Summonings
 11040 | D:11     | Reached skill level 5 in Necromancy
 11040 | D:11     | Reached skill level 5 in Translocations
 11040 | D:11     | Reached skill level 5 in Transmutations
 11040 | D:11     | Reached skill level 5 in Fire Magic
 11040 | D:11     | Reached skill level 5 in Ice Magic
 11040 | D:11     | Reached skill level 5 in Air Magic
 11040 | D:11     | Reached skill level 5 in Earth Magic
 11040 | D:11     | Reached skill level 5 in Poison Magic
 11351 | D:11     | Noticed a two-headed ogre
 11370 | D:11     | Killed a two-headed ogre
 11376 | D:11     | Found a runed translucent gate.
 11377 | D:11     | Found a runed translucent gate.
 11377 | D:11     | Noticed MirrMurr's ghost (journeyman SpEn)
 11377 | D:11     | Noticed a nine-headed hydra
 11695 | D:11     | Found a runed translucent gate.
 11758 | Lair:1   | Entered Level 1 of the Lair of Beasts
 11989 | Lair:1   | Found a frozen archway.
 12272 | IceCv    | Entered an ice cave
 12272 | IceCv    | Noticed a white ugly thing
 12286 | IceCv    | Killed a white ugly thing
 12330 | IceCv    | Found a transporter.
 12587 | IceCv    | Noticed a white ugly thing
 12588 | IceCv    | Found a transporter.
 12599 | IceCv    | Killed a white ugly thing
 12906 | IceCv    | Killed from afar by an ice statue

Levels and vault maps discovered:
D:1:      dpeg_arrival_arbitrary_b, layout_basic, minmay_ruptured
D:2:      wad_pebble_path, layout_basic, lemuel_round_altar,
          nicolae_ru_awakened_eye, first_ration
D:3:      layout_basic, small_statue_intersection
D:4:      layout_rooms, minmay_temple_entry_gardened_gates, skrybe_limestone_x,
          minmay_statues_item
D:5:      layout_rooms, kennysheep_mini
D:6:      layout_cave_pools, gammafunk_temple_overflow_arena
D:7:      layout_cave_pools, marbit_many_paths, serial_column_ruins,
          column_ruins_courtyard_long, column_ruins_columns_dead_end,
          column_ruins_grid_4, column_ruins_open_medium, serial_shops, shop
D:8:      layout_basic, lemuel_doored_altar
D:9:      layout_loops_ring, nicolae_overflow_hidden_temple, lemuel_round_altar,
          blue_anna_alchemist [blue_anna_fruit_fields, blue_anna_fruit_fields]
D:10:     layout_stronghold, grunt_qazlal_clouds
D:11:     layout_big_octagon, lair_entry_dummy, orc_david_3,
          gammafunk_ghost_hydra_chop, grunt_tough_drop
Lair:1:   layout_hall_layers, ebering_ghost_xom, portal_ice_cave_rime
Abyss:1
Abyss:2
Abyss:3:  minivault_19, gammafunk_abyss_exit_x_factor
IceCv:    ice_cave_statue_garden_transporter

Skill      XL: |  1  2  3  4  5  6  7  8  9 10 11 |
---------------+----------------------------------+-----
Short Blades   | 1 2 3 4 5 6 |  6.6
Axes           | 1 2 3 4 5 6 |  6.6
Maces & Flails | 1 2 3 4 5 6 |  6.6
Polearms       | 1 2 3 4 5 6 |  6.6
Staves         | 1 2 3 4 5 6 |  6.6
Slings         | 1 2 3 4 5 6 |  6.6
Bows           | 1 2 3 4 5 6 |  6.6
Crossbows      | 1 2 3 4 5 6 |  6.6
Throwing       | 1 2 3 4 5 6 |  6.6
Stealth        | 1 2 3 4 5 6 |  6.6
Shields        | 1 2 3 4 5 6 |  6.6
Unarmed Combat | 1 2 3 4 5 6 |  6.6
Spellcasting   | 1 2 3 4 5 6 |  6.6
Conjurations   | 1 2 3 4 5 |  5.5
Hexes          | 1 2 3 4 5 |  5.5
Charms         | 1 2 3 4 5 |  5.5
Summonings     | 1 2 3 4 5 |  5.5
Necromancy     | 1 2 3 4 5 |  5.5
Translocations | 1 2 3 4 5 |  5.5
Transmutations | 1 2 3 4 5 |  5.5
Fire Magic     | 1 2 3 4 5 |  5.5
Ice Magic      | 1 2 3 4 5 |  5.5
Air Magic      | 1 2 3 4 5 |  5.5
Earth Magic    | 1 2 3 4 5 |  5.5
Poison Magic   | 1 2 3 4 5 |  5.5
Evocations     | 1 2 3 4 5 6 |  6.6
Dodging        | 3 4 5 6 7 |  7.2
Invocations    | 5 6 7 8 |  8.7
Long Blades    | 5 6 7 8 |  8.1
Armour         | 5 6 7 8 |  8.1
Fighting       | 7 8 9 |  9.4

Action                   |  1- 3 |  4- 6 |  7- 9 | 10-12 || total
-------------------------+-------+-------+-------+-------++-------
Melee: Falchion          |   102 |   185 |   452 |   478 ||  1217
       Bite              |    12 |    28 |    55 |    65 ||   160
       Punch             |     1 |     3 |     9 |    15 ||    28
Throw: Javelin           |       |       |     2 |    13 ||    15
 Cast: Sticky Flame      |       |       |       |     5 ||     5
Invok: Depart the Abyss  |     1 |       |       |       ||     1
       Bend Space        |       |       |     1 |     1 ||     2
  Use: Scroll            |       |    10 |     5 |    11 ||    26
       Potion            |       |     1 |     1 |    13 ||    15
 Stab: Sleeping          |     2 |       |     3 |     5 ||    10
       Distracted        |       |       |       |     1 ||     1
  Eat: Ration            |     1 |     1 |     4 |     5 ||    11
       Chunk             |       |     1 |     1 |     2 ||     4
Armor: Leather armour    |    30 |       |       |       ||    30
       Chain mail        |       |    99 |   189 |       ||   288
       Skin              |       |       |    60 |   155 ||   215
       Ring mail         |       |       |    41 |   140 ||   181
Dodge: Dodged            |    60 |    68 |   260 |   326 ||   714
       Rpst.: Falchion   |    12 |    26 |    75 |    96 ||   209

Table legend:
 A = Non-vault XP
 B = Vault XP
 C = Vault XP percentage of total XP
 D = Non-vault monster count
 E = Vault monster count
 F = Vault count percentage of total count
                 A         B        C        D         E       F
            +---------+---------+-------+---------+---------+-------
      Total |   12485 |    5285 |  29.7 |     239 |      24 |   9.1
            +---------+---------+-------+---------+---------+-------
        D:1 |      24 |       4 |  14.3 |      16 |       3 |  15.8
        D:2 |     123 |       0 |   0.0 |      18 |       0 |   0.0
        D:3 |     291 |       0 |   0.0 |      31 |       0 |   0.0
        D:4 |    1096 |       0 |   0.0 |      14 |       0 |   0.0
        D:5 |     554 |       0 |   0.0 |      14 |       0 |   0.0
        D:6 |    1150 |       0 |   0.0 |      32 |       0 |   0.0
        D:7 |     399 |       0 |   0.0 |       7 |       0 |   0.0
        D:8 |    1046 |       0 |   0.0 |      16 |       0 |   0.0
        D:9 |    2412 |     100 |   4.0 |      38 |       1 |   2.6
       D:10 |    1971 |     272 |  12.1 |      32 |       2 |   5.9
       D:11 |    1596 |    2202 |  58.0 |      12 |       8 |  40.0
     Lair:1 |    1823 |     767 |  29.6 |       9 |       2 |  18.2
      IceCv |       0 |    1940 | 100.0 |       0 |       8 | 100.0
            +---------+---------+-------+---------+---------+-------
